 Dungeon Crawl Stone Soup version 0.24.0-2-g5b39cebb1c (webtiles) character file.

Game seed: 5848473631117003627, levelgen mode: deterministic

34 Monsterracer the Cudgeler (level 3, -5/23 HPs)
             Began as a Gargoyle Abyssal Knight on Oct 31, 2019.
             Was a Follower of Lugonu.
             Killed from afar by a white imp (12 damage)
             ... with a puff of frost
             ... summoned by Natasha
             ... on level 2 of the Dungeon.
             The game lasted 00:00:39 (1233 turns).

Monsterracer the Cudgeler (Gargoyle Abyssal Knight) Turns: 1233, Time: 00:00:40

Health: -5/23      AC:  6    Str: 16    XL:     3   Next: 31%
Magic:  4/4        EV: 11    Int: 12    God:    Lugonu [*.....]
Gold:   64         SH:  0    Dex:  9    Spells: 2/2 levels left

rFire    . . .     SeeInvis .   a - +1 mace
rCold    . . .     Gourm    .   (no shield)
rNeg     + . .     Faith    .   b - +0 leather armour
rPois    ∞         Spirit   .   (no helmet)
rElec    +         Reflect  .   (no cloak)
rCorr    .         Harm     .   (no gloves)
MR       .....                  (no boots)
Stlth    +.........             (no amulet)
HPRegen  0.07/turn              (no ring)
MPRegen  0.09/turn              (no ring)

@: no status effects
A: negative energy resistance 1, electricity resistance, unbreathing,
petrification resistance, rot immunity, AC +3
a: Depart the Abyss, Renounce Religion


You were on level 2 of the Dungeon.
You worshipped Lugonu.
Lugonu was aware of your devotion.
You were not hungry.

You visited 1 branch of the dungeon, and saw 2 of its levels.
You visited the Abyss 1 time.

You collected 64 gold pieces.

Inventory:

Hand Weapons
 a - a +1 mace (weapon)
Armour
 b - a +0 leather armour (worn)
Scrolls
 d - 3 scrolls of identify {unknown}
 g - a scroll of enchant weapon {unknown}
 i - a scroll of fear {unknown}
 j - a scroll of amnesia {unknown}
Potions
 e - a potion of magic {unknown}
 f - 2 potions of curing {unknown}
 h - a potion of degeneration {unknown}
Comestibles
 c - 3 rations


   Skills:
 - Level 3.2 Fighting
 + Level 3.6 Maces & Flails
 - Level 2.1 Armour
 - Level 0.7 Dodging
 - Level 2.0 Invocations


You had 2 spell levels left.
You didn't know any spells.
Your spell library was empty.

Dungeon Overview and Level Annotations

Branches:
Dungeon (2/15)

Altars:

Annotations:
D:2 Natasha


Innate Abilities, Weirdness & Mutations

You are resistant to torment.
Your stone body is resilient. (AC +3)
You are immune to poison.
You resist negative energy. (rN+)
You are resistant to electric shocks. (rElec)
You can survive without breathing.
You are immune to petrification.
You are immune to rotting.


Message History

A jackal comes into view.
The jackal barks!
The jackal moves out of view.
A jackal comes into view.
You see here a scroll labeled DYSTUG BIPHA.
A rat and a jackal come into view.
The jackal barks! x2
A jackal comes into view.
The jackal moves out of view.
Found a stone staircase leading down.
There are monsters nearby!
A giant cockroach comes into view.
The jackal barks!
There are monsters nearby!
A bat comes into view.
There are monsters nearby!
You closely miss the jackal.
A bat comes into view.
The jackal bites you. The jackal misses you. The bat closely misses you.
You barely miss the jackal. The bat barely misses you.
The jackal barely misses you. The jackal closely misses you. x2
The jackal barely misses you.
A dart slug comes into view.
The jackal bites you but does no damage.
The jackal closely misses you.
Natasha, Servant of Life and Death comes into view.
The jackal bites you but does no damage.
You see here a scroll labeled DYSTUG BIPHA.
Natasha hisses angrily.
Natasha wildly gestures.
You feel disoriented. The jackal closely misses you.
You miss the jackal. You barely miss the jackal. The jackal barely misses you.
The jackal bites you but does no damage.
You closely miss the jackal. The jackal bites you.
You hit the jackal.
You kill the jackal!
Lugonu accepts your kill. The jackal barely misses you.
Natasha casts a spell.
You sock the jackal!
You kill the jackal!
Lugonu accepts your kill. The jackal barely misses you.
Natasha casts a spell.
You miss the jackal. The jackal misses you.
The jackal bites you but does no damage.
You hit the jackal but do no damage. The jackal misses you.
You hit the jackal.
The jackal is almost dead.
The jackal barely misses you.
The jackal bites you but does no damage.
You hit the jackal.
You kill the jackal!
Lugonu accepts your kill.
Natasha casts a spell.
The jackal bites you.
You closely miss the jackal. The jackal misses you. The jackal bites you.
You completely miss the jackal. The jackal closely misses you.
You hit the jackal.
The jackal is severely wounded.
The jackal barely misses you. x2
Natasha wildly gestures.
You feel troubled.
You closely miss the jackal.
The jackal is severely wounded.
The jackal barely misses you. x2
You hit the jackal.
You kill the jackal!
Lugonu accepts your kill.
Natasha mewls in sadness.
The white imp hits you. The white imp freezes you.
The giant cockroach waves its antennae.
You hit the white imp.
The white imp is moderately wounded.
The white imp barely misses you.
You hit the white imp.
The white imp is heavily wounded.
The white imp gestures at you. The puff of frost misses you.
You hit the white imp.
The white imp is severely wounded.
The white imp completely misses you.
Natasha casts a spell.
You closely miss the white imp.
The white imp is severely wounded.
The white imp hits you but does no damage.
The giant cockroach waves its antennae.
The white imp gestures at you. The puff of frost hits you.
You barely miss the white imp.
The white imp is severely wounded.
The white imp hits you. The white imp freezes you.
* * * LOW HITPOINT WARNING * * *
You see here a scroll labeled DYSTUG BIPHA.
The white imp gestures at you. The puff of frost hits you!
Ouch! That really hurt!
You die...

######.#.....#######.....
..w.
#.#.###............#.#...
###.#.#
######<.#.#......##
#.).#.# ###..##.........#
#..##..#
##...###.5.<...... #.#
.## #..#####bw........ #.
.## #.##.5.br.5...>... #.
. ####.##.###s.........
.. #....##@# #§......>.#
#..## #.#####.#
##...##.### ##...##.#
#..# #.### ..# #⌠....#.#
#.####..# .. #....÷##
#.###..##
#+^....###(....##
##.#...##.#####
#⌠#.#.#..# ##..#...##


You could see a white imp.

Vanquished Creatures
  An adder (D:2)
  A worm (D:2)
  2 leopard geckos (D:1)
  A bat (D:2)
  2 goblins (D:1)
  2 hobgoblins (D:1)
  4 jackals (D:2)
  3 kobolds (D:1 D:2)
  2 rats (D:2)
18 creatures vanquished.

Notes
Turn   | Place    | Note
-------+----------+-------------------------------------------
     0 | Abyss:1  | Monsterracer the Gargoyle Abyssal Knight began the quest
                  | for the Orb.
     0 | Abyss:1  | Reached XP level 1. HP: 14/14 MP: 2/2
    25 | D:1      | Escaped the Abyss
   563 | D:1      | Reached XP level 2. HP: 19/19 MP: 3/3
  1126 | D:2      | Reached XP level 3. HP: 21/23 MP: 4/4
  1210 | D:2      | Noticed Natasha
  1229 | D:2      | HP: 11/23 [white imp/puff of frost[Natasha] (3)]
  1233 | D:2      | Killed from afar by a white imp

Levels and vault maps discovered:
D:1:      dpeg_arrival_arbitrary_a, layout_basic, minmay_misc_feat_iff
D:2:      layout_rooms, nicolae_overflow_quartered_altars,
          uniq_crazy_yiuf_cottage, uniq_natasha

Skill      XL: |  1  2 |
---------------+-------+-----
Maces & Flails | 3 |  3.6
Fighting       | |  3.2
Armour         | |  2.1
Dodging        | |  0.7
Invocations    | |  2.0

Action                   || total
-------------------------++-------
Melee: Mace              ||    78
  Eat: Chunk             ||     1
Armor: Leather armour    ||    19
Dodge: Dodged            ||    61
